 Dungeon Crawl Stone Soup version 0.31-a0-675-g238779eb0a (webtiles) character file.

Game seed: 13136062946986953172

1844 qw the Skirmisher (level 9, -3/56 HPs)
             Began as a Gargoyle Hunter on Sept 5, 2023.
             Slain by a yak (10 damage)
             ... on level 6 of the Dungeon.
             The game lasted 00:01:56 (4537 turns).

qw the Skirmisher (Gargoyle Hunter)                 Turns: 4537, Time: 00:01:56

Health: -3/56      AC: 12    Str: 16    XL:     9   Next: 12%
Magic:  9/9        EV: 13    Int:  9    God:
Gold:   139        SH:  0    Dex: 17    Spells: 8/8 levels left

rFire   . . .        Y - +0 orcbow
rCold   . . .        (shield currently unavailable)
rNeg    + + .        m - +2 robe {Will+}
rPois   inf          (no helmet)
rElec   +            c - +1 cloak
rCorr   .            (no gloves)
SInv    .            (no boots)
Will    +....        (no amulet)
Stlth   ++           k - ring of positive energy
HPRegen 0.29/turn    (no ring)
MPRegen 0.11/turn

%: no passive effects
@: about to teleport
A: sickness immunity, AC +6, negative energy resistance 1, electricity
resistance, torment resistance 1, petrification resistance
a: no special abilities


You were on level 6 of the Dungeon.
You visited 1 branch of the dungeon, and saw 6 of its levels.

You collected 236 gold pieces.
You spent 97 gold pieces at shops.


Innate Abilities, Weirdness & Mutations

You are immune to sickness and miasma.
Your stone body is resilient. (AC +6)
You are immune to poison.
You resist negative energy. (rN+)
You are resistant to electric shocks. (rElec)
You are resistant to unholy torment.
You are immune to petrification.


   Skills:
 + Level 6.6 Fighting
 - Level 10.0 Ranged Weapons
 - Level 2.1 Armour
 - Level 3.1 Dodging
 - Level 1.1 Stealth


You had 8 spell levels left.
You didn't know any spells.
Your spell library was empty.

Inventory:

Hand Weapons
 Y - a +0 orcbow (weapon)
Armour
 c - a +1 cloak (worn)
 e - a +2 robe of positive energy
 m - a +2 robe of willpower (worn)
Jewellery
 k - a ring of positive energy (left hand)
Scrolls
 j - a scroll of identify
Potions
 d - 5 potions of curing
 f - a potion of might
 h - a potion of enlightenment
 l - a potion of mutation

Dungeon Overview and Level Annotations

Branches:
Dungeon (6/15)
 Temple: D:4-7

Altars:
Kikubaaqudgha
Ru

Shops:
D:2 ?   D:4 (

Annotations:
D:5 2 transporters, qw's ghost, novice MiHs


Message History

The yak is moderately wounded.
The yak closely misses you.
You shoot an arrow. The arrow barely misses the yak.
The arrow hits the yak but does no damage.
The yak is moderately wounded.
The yak misses you.
You shoot an arrow. The arrow hits the yak.
The yak is lightly wounded.
The yak gores you but does no damage.
You shoot an arrow. The arrow hits the yak!
The yak is moderately wounded.
The yak closely misses you.
You shoot an arrow. The arrow closely misses the yak. x2
The yak barely misses you.
You shoot an arrow.
The arrow hits the yak but does no damage.
The yak is moderately wounded.
The yak gores you but does no damage.
You shoot an arrow. The arrow hits the yak!
The yak is heavily wounded.
The yak gores you!
You shoot an arrow. The arrow hits the yak.
The yak is heavily wounded.
The yak barely misses you.
You shoot an arrow.
The arrow hits the yak but does no damage.
The yak is heavily wounded.
The yak gores you!
4535 ||| READING scroll of teleportation.
As you read the scroll of teleportation, it crumbles to dust.
You feel strangely unstable. The yak gores you but does no damage.
You shoot an arrow. The arrow barely misses the yak.
The arrow hits the yak but does no damage.
The yak is moderately wounded.
The yak misses you.
You shoot an arrow. The arrow hits the yak!
The yak is severely wounded.
The yak gores you!
You die...
Y O

########. .......Y# #.###
.......<# .... ...
........#######.#.#.# #.#
.........YY@....# ..# #.#
..........###.####..# #.#
########....#.....#.# #.#
#..####.#..#.+ #.#
#..#.........######..
#.....#.......#..#.........
#.....#.......#.###...#....
#.....#...###.......#####.#
#.....#...##....###.# #.#


You could see 2 yaks.

Vanquished Creatures
  Sigmund (D:5)
  Edmund (D:5)
  3 water moccasins
  2 ice beasts
  2 ogres
  A phantom (D:5)
  A kobold brigand (D:6)
  A scorpion (D:5)
  3 vampire bats (D:4)
  2 howler monkeys
  A hound (D:5)
  An orc priest (D:3)
  A gnoll bouda (D:6)
  3 iguanas
  Terence (D:2)
  3 orc wizards
  6 gnolls
  9 adders
  A shadow imp (D:6)
  A white imp (D:5)
  A worm (D:5)
  A dart slug (D:3)
  12 orcs
  8 ball pythons
  3 bat skeletons (D:4)
  3 bat zombies (D:4)
  8 endoplasms
  3 giant cockroaches
  2 goblins
  5 hobgoblins
  2 jackals (D:2)
  6 kobolds
  2 quokkas
  3 bats
  2 frilled lizards
  9 rats
114 creatures vanquished.

Notes
Turn   | Place    | Note
-------+----------+-------------------------------------------
     0 | D:1      | qw the Gargoyle Hunter began the quest for the Orb.
     0 | D:1      | Reached XP level 1. HP: 12/12 MP: 1/1
     0 | D:1      | 0 ||| qw: Version: 0.3-a-75-g829b12e
     0 | D:1      | 0 ||| qw: Game counter: 137
     0 | D:1      | 0 ||| qw: Melee chars always use a shield: true
     0 | D:1      | 0 ||| qw: God list: Okawaru
     0 | D:1      | 0 ||| qw: Allow faded altars: false
     0 | D:1      | 0 ||| qw: Do Orc after clearing Dungeon:15 true
     0 | D:1      | 0 ||| qw: Do second Lair branch before Depths: true
     0 | D:1      | 0 ||| qw: Lair rune preference: random
     0 | D:1      | 0 ||| qw: Goals: Normal
     0 | D:1      | 0 ||| PLANNING D:1-11
   117 | D:1      | Reached XP level 2. HP: 17/17 MP: 2/2
   447 | D:1      | Found a faded altar of an unknown god.
   725 | D:1      | 725 ||| UPGRADING to +0 ring mail.
   735 | D:1      | 735 ||| DROPPING +0 leather armour.
   736 | D:1      | 736 ||| UPGRADING to ring of positive energy.
   737 | D:1      | 737 ||| READING scroll labelled TUAXZU DUED.
   738 | D:1      | 738 ||| READING 2 scrolls labelled PUODYRRAEGH.
   739 | D:1      | 739 ||| READING scroll labelled JOKKEWN BACAJU.
   740 | D:1      | 740 ||| DRINKING 3 orange potions.
   741 | D:1      | 741 ||| DRINKING 2 sapphire potions.
   795 | D:1      | 795 ||| DROPPING scroll of butterflies.
   796 | D:1      | 796 ||| DROPPING potion of lignification.
   836 | D:2      | Noticed Terence
   839 | D:2      | Killed Terence
   840 | D:2      | Reached XP level 3. HP: 17/21 MP: 3/3
   840 | D:2      | 840 ||| FLEEEEING.
   842 | D:2      | 842 ||| FLEEEEING.
   843 | D:2      | 843 ||| FLEEEEING.
   844 | D:2      | 844 ||| FLEEEEING.
   845 | D:2      | 845 ||| FLEEEEING.
   846 | D:2      | 846 ||| FLEEEEING.
   847 | D:2      | 847 ||| FLEEEEING.
  1044 | D:2      | Reached skill level 5 in Ranged Weapons
  1044 | D:2      | Reached XP level 4. HP: 26/26 MP: 4/4
  1135 | D:2      | Reached skill level 3 in Fighting
  1465 | D:2      | Found Kugasy's Magic Scroll Shoppe.
  1469 | D:2      | 1469 ||| BUYING scroll of enchant armour (97 gold).
  1469 | D:2      | Bought a scroll of enchant armour for 97 gold pieces
  1469 | D:2      | 1469 ||| SHOPLISTING scroll of identify (26 gold, have 1).
  1727 | D:2      | 1727 ||| UPGRADING to +0 cloak.
  1732 | D:2      | 1732 ||| READING scroll of enchant armour.
  1732 | D:2      | 1732 ||| ENCHANTING +0 cloak.
  1733 | D:2      | 1733 ||| READING scroll labelled UGHUAN KEJOMIRPH.
  1734 | D:2      | 1734 ||| READING 3 scrolls labelled INIFFU SICVERU.
  1835 | D:2      | 1835 ||| READING 3 scrolls of identify.
  1835 | D:2      | 1835 ||| IDENTIFYING fizzy red potion
  1836 | D:2      | 1836 ||| READING 2 scrolls of identify.
  1836 | D:2      | 1836 ||| IDENTIFYING blue potion
  1837 | D:2      | 1837 ||| DROPPING potion of brilliance.
  1838 | D:2      | 1838 ||| DROPPING 2 scrolls of silence.
  1901 | D:3      | Noticed a water moccasin
  1903 | D:3      | Killed a water moccasin
  1904 | D:3      | Reached skill level 6 in Ranged Weapons
  1904 | D:3      | Reached XP level 5. HP: 32/32 MP: 5/5
  2125 | D:3      | Reached XP level 6. HP: 37/37 MP: 6/6
  2457 | D:3      | Noticed an ice beast
  2462 | D:3      | Killed an ice beast
  2536 | D:3      | 2536 ||| READING scroll labelled RIGUUK CIFETH.
  2541 | D:3      | 2541 ||| READING scroll labelled TAIBRI YMUTESI.
  2542 | D:3      | 2542 ||| READING scroll labelled KOTEGYODYDGH.
  2713 | D:4      | Found a sacrificial altar of Ru.
  2764 | D:4      | Reached skill level 7 in Ranged Weapons
  2801 | D:4      | Reached XP level 7. HP: 38/43 MP: 7/7
  2926 | D:4      | Found Vaoseyv's Antique Weapon Emporium.
  3324 | D:4      | Found an ancient bone altar of Kikubaaqudgha.
  3345 | D:4      | 3345 ||| UPGRADING to +2 robe of willpower.
  3355 | D:4      | 3355 ||| DROPPING +0 ring mail.
  3356 | D:4      | 3356 ||| READING scroll labelled SITETO ZAGYE.
  3357 | D:4      | 3357 ||| DRINKING 3 emerald potions.
  3358 | D:4      | 3358 ||| READING 4 scrolls of identify.
  3358 | D:4      | 3358 ||| IDENTIFYING inky potion
  3359 | D:4      | 3359 ||| READING 3 scrolls of identify.
  3359 | D:4      | 3359 ||| IDENTIFYING fizzy coppery potion
  3360 | D:4      | 3360 ||| READING 2 scrolls of identify.
  3360 | D:4      | 3360 ||| IDENTIFYING grey potion
  3361 | D:4      | 3361 ||| DROPPING 2 potions of attraction.
  3362 | D:4      | 3362 ||| DROPPING potion of ambrosia.
  3386 | D:5      | Entered Level 5 of the Dungeon
  3388 | D:5      | 3388 ||| STAIRDANCE
  3400 | D:5      | 3400 ||| Stepping randomly (disturbance).
  3401 | D:5      | 3401 ||| Stepping randomly (disturbance).
  3402 | D:5      | 3402 ||| Stepping randomly (disturbance).
  3490 | D:5      | Reached skill level 8 in Ranged Weapons
  3545 | D:5      | 3545 ||| SWAPPING to +0 orcbow.
  3546 | D:5      | 3546 ||| DROPPING +0 heavy shortbow.
  3577 | D:5      | Reached XP level 8. HP: 40/48 MP: 8/8
  3628 | D:5      | Noticed Sigmund
  3632 | D:5      | Noticed qw's ghost (novice MiHs)
  3656 | D:5      | Killed Sigmund
  3657 | D:5      | Reached skill level 9 in Ranged Weapons
  3791 | D:5      | Reached skill level 6 in Fighting
  3813 | D:5      | Noticed Edmund
  3824 | D:5      | Killed Edmund
  4018 | D:5      | Found a transporter.
  4023 | D:5      | Found a transporter.
  4189 | D:5      | 4189 ||| READING scroll labelled VEOM YHICIKHEF.
  4190 | D:5      | 4190 ||| READING 2 scrolls of identify.
  4190 | D:5      | 4190 ||| IDENTIFYING fizzy emerald potion
  4191 | D:5      | 4191 ||| DROPPING potion of berserk rage.
  4202 | D:6      | Reached skill level 10 in Ranged Weapons
  4207 | D:6      | 4207 ||| RETREATING.
  4208 | D:6      | 4208 ||| Stepping ~*~*~tactically~*~*~ (retreating).
  4209 | D:6      | 4209 ||| Stepping ~*~*~tactically~*~*~ (outnumbered).
  4214 | D:6      | 4214 ||| Stepping ~*~*~tactically~*~*~ (retreating).
  4216 | D:6      | 4216 ||| Stepping ~*~*~tactically~*~*~ (retreating).
  4219 | D:6      | Reached XP level 9. HP: 43/55 MP: 9/9
  4228 | D:6      | HP: 7/55 [gnoll/+0 halberd[a gnoll bouda] (9)]
  4229 | D:6      | 4229 ||| READING scroll of teleportation.
  4230 | D:6      | HP: 3/55 [gnoll/+0 halberd[a gnoll bouda] (3)]
  4462 | D:6      | Reached skill level 3 in Dodging
  4514 | D:6      | 4514 ||| RETREATING.
  4517 | D:6      | 4517 ||| Stepping ~*~*~tactically~*~*~ (retreating).
  4520 | D:6      | 4520 ||| Stepping ~*~*~tactically~*~*~ (retreating).
  4521 | D:6      | 4521 ||| Stepping ~*~*~tactically~*~*~ (retreating).
  4534 | D:6      | HP: 6/56 [yak (11)]
  4535 | D:6      | 4535 ||| READING scroll of teleportation.
  4537 | D:6      | Slain by a yak

Levels and vault maps discovered:
D:1:      evilmike_arrival_crescent, layout_basic,
          nicolae_ecumenical_snake_handling
D:2:      layout_basic, serial_shops, nicolae_shop_rolled_up, uniq_terence
D:3:      layout_basic, corexii_corridor_pit
D:4:      cheibrodos_old_hovel, layout_cave_pods, kennysheep_vampire_church,
          mainiacjoe_overflow_boulevard, serial_shops, shop_fountains
D:5:      layout_rooms, gammafunk_ghost_hive, uniq_edmund, uniq_sigmund
D:6:      layout_basic, general_overflow_altar, minmay_temple_entry_water_ring

Skill      XL: |  1  2  3  4  5  6  7  8  9 |
---------------+----------------------------+-----
Armour         | 2 |  2.1
Ranged Weapons | 5 6 7 8 10 | 10.0
Fighting       | 3 4 6 |  6.6
Dodging        | 2 3 |  3.1
Stealth        | |  1.1

Action                     |  1- 3 |  4- 6 |  7- 9 || total
---------------------------+-------+-------+-------++-------
   Fire: Shortbow          |    82 |   111 |    75 ||   268
         Orcbow            |       |       |   170 ||   170
    Use: Scroll            |     3 |     8 |     8 ||    19
         Potion            |     2 |       |     1 ||     3
 Armour: Leather armour    |    13 |       |       ||    13
         Ring mail         |     6 |    53 |    33 ||    92
         Robe              |       |       |   102 ||   102
  Dodge: Dodged            |    29 |    53 |   124 ||   206

Table legend:
 A = Non-vault XP
 B = Vault XP
 C = Vault XP percentage of total XP
 D = Non-vault monster count
 E = Vault monster count
 F = Vault count percentage of total count
                 A         B        C        D         E       F
            +---------+---------+-------+---------+---------+-------
      Total |    2031 |     604 |  22.9 |      99 |      15 |  13.2
            +---------+---------+-------+---------+---------+-------
        D:1 |      27 |       3 |  10.0 |      18 |       2 |  10.0
        D:2 |      91 |      36 |  28.3 |      21 |       1 |   4.5
        D:3 |     359 |       0 |   0.0 |      18 |       0 |   0.0
        D:4 |     196 |     180 |  47.9 |      17 |      10 |  37.0
        D:5 |     994 |     385 |  27.9 |      15 |       2 |  11.8
        D:6 |     364 |       0 |   0.0 |      10 |       0 |   0.0
            +---------+---------+-------+---------+---------+-------
